 Dungeon Crawl Stone Soup version 0.13.2 (webtiles) character file.

174 Fang the Practitioner (level 3, 0/24 HPs)
             Began as an Octopode Healer on Jan 24, 2019.
             Was a Believer of Elyvilon.
             Slain by a giant cockroach (1 damage)
             ... on Level 2 of the Dungeon.
             The game lasted 00:03:31 (1892 turns).

Fang the Practitioner (Octopode Healer)             Turns: 1892, Time: 00:03:31

HP   0/24        AC  1     Str 12      XL: 3   Next:  6%
MP   1/6         EV 12     Int 14      God: Elyvilon [**....]
Gold 149         SH  0     Dex 11      Spells:  0 memorised,  2 levels left

Res.Fire  : . . .   See Invis. : .   (no weapon)
Res.Cold  : . . .   Warding    : .   (no shield)
Life Prot.: . . .   Conserve   : .   (helmet restricted)
Res.Poison: .       Res.Corr.  : .   (no amulet)
Res.Elec. : .       Clarity    : .   (no ring)
Sust.Abil.: . .     Spirit.Shd : .   (no ring)
Res.Mut.  : .       Stasis     : .   (no ring)
Res.Rott. : .       Flight     : .   (no ring)
Saprovore : . . .                    (no ring)
                                     (no ring)
                                     (no ring)
                                     (no ring)

@: not resistant to hostile enchantments, fairly stealthy
A: almost no armour, amphibious, 8 rings, constrict 8, camouflage 1, AC +1
a: Lesser Healing, Lesser Self-Healing, Divine Protection, Purification,
Renounce Religion


You were on level 2 of the Dungeon.
You worshipped Elyvilon.
Elyvilon was pleased with you.
You were near starving.

You visited 1 branch of the dungeon, and saw 2 of its levels.

You collected 49 gold pieces.

Inventory:

Comestibles
 d - a bread ration
Scrolls
 a - 3 scrolls of identify {unknown}
 e - a scroll of enchant weapon I {unknown}
 g - a scroll of remove curse {unknown}
Potions
 b - a potion of curing
 c - a potion of heal wounds
 f - a potion of agility {unknown}


   Skills:
 + Level 2.0 Fighting
 + Level 2.4 Dodging
 + Level 0.2 Unarmed Combat
 + Level 4.7 Invocations


You had 2 spell levels left.
You didn't know any spells.

Dungeon Overview and Level Annotations

Branches:
Dungeon (2/27)

Altars:


Innate Abilities, Weirdness & Mutations

You cannot wear most types of armour.
You are amphibious.
You can wear up to eight rings at the same time.
You can use your tentacles to constrict many enemies at once.
Your skin changes colour to match your surroundings (Stlth).
Your rubbery body absorbs attacks (AC +1).


Message History

The giant cockroach bites you but does no damage.
Use which ability? (? or * to list)
Press: ? - help, Dir - move target cursor, f - you, p - kobold You can only heal others!
Use which ability? (? or * to list) Use which ability? (? or * to list)
Press: ? - help, Dir - move target cursor, f - kobold Heal: a kobold, wielding a club (indifferent) Nothing appears to happen.
You are near starving!
The giant cockroach bites you.
* * * LOW HITPOINT WARNING * * *
The giant cockroach barely misses you. The giant cockroach barely misses you.
You see here a bat corpse.
The giant cockroach bites you but does no damage.
You start butchering the bat corpse with your knife.
You continue butchering the corpse.
The giant cockroach bites you.
You stop butchering the corpse.
You die...

. .... ..... ..... ..# ..
.....#####.######## .[..
..................##....
........................
........................#
#<.....K....@.......#
#...........s.......#
#............#......#
#............#......
#.....=......# .....
#............# .....
#............# ###
#............#
#............#


You could see a giant cockroach and a neutral kobold (wandering).

Vanquished Creatures
  A giant gecko (D:2)
  5 goblins (D:1)
  2 hobgoblins (D:1)
  A jackal (D:1)
  4 bats
  A rat (D:1)
14 creatures vanquished.

Vanquished Creatures (others)
  A hobgoblin (D:1)
  A jackal (D:1)
  A giant newt (D:1)
  A rat (D:1)
4 creatures vanquished.

Grand Total: 18 creatures vanquished

Notes
Turn   | Place    | Note
--------------------------------------------------------------
     0 | D:1      | Fang, the Octopode Healer, began the quest for the Orb.
     0 | D:1      | Reached XP level 1. HP: 14/14 MP: 2/2
   763 | D:1      | Reached XP level 2. HP: 19/19 MP: 2/4
  1886 | D:2      | Reached XP level 3. HP: 2/24 MP: 3/6
  1888 | D:2      | HP: 1/24 [giant cockroach (1)]
  1892 | D:2      | Slain by a giant cockroach

Action                   || total
-------------------------++-------
Melee: Unarmed           ||    53
Invok: Lesser Healing    ||    22
 Stab: Sleeping          ||     2
